 Dungeon Crawl Stone Soup version 0.29-a0-509-g793eeb5391 (webtiles) character file.

Game seed: 7000376699609872488

57 Morbidden the Insei (level 4, 0/28 HPs)
             Began as an Octopode Transmuter on May 29, 2022.
             Slain by a goblin
             ... wielding a +0 dagger
             ... led by Robin
              (3 damage)
             ... on level 1 of the Dungeon.
             The game lasted 00:02:43 (2684 turns).

Morbidden the Insei (Octopode Transmuter)           Turns: 2684, Time: 00:02:44

Health: 0/28       AC:  1    Str: 15    XL:     4   Next: 0%
Magic:  3/7        EV: 13    Int: 17    God:
Gold:   113        SH:  0    Dex: 12    Spells: 4/7 levels left

rFire   . . .      SeeInvis .     - Unarmed
rCold   . . .      Faith    .   (no shield)
rNeg    . . .      Spirit   .   (helmet currently unavailable)
rPois   .          Reflect  .   (no amulet)
rElec   .          Harm     .   b - ring of willpower
rCorr   .          Rampage  .   e - +6 ring of strength
Will    +....                   (no ring)
Stlth   +++.......              (no ring)
HPRegen 0.09/turn               (no ring)
MPRegen 0.10/turn               (no ring)
                                (no ring)
                                (no ring)

@: appendages, wereblooded
A: tentacle spike 3, almost no armour, amphibious, 8 rings, camouflage 1,
gelatinous body 1, (nimble swimmer 1), tentacles
a: End Transformation


You were on level 1 of the Dungeon.
One of your tentacles had grown a beastly spike.
You visited 1 branch of the dungeon, and saw 2 of its levels.

You collected 113 gold pieces.

Inventory:

Jewellery
 b - a ring of willpower (left tentacle)
 e - a +6 ring of strength (right tentacle)
Scrolls
 d - a scroll of teleportation {unknown}
Potions
 a - a potion of lignification
 c - a potion of heal wounds {unknown}
 f - a potion of degeneration {unknown}


   Skills:
 * Level 1.3 Fighting
 * Level 2.5 Dodging
 + Level 1.1 Stealth
 * Level 3.7 Unarmed Combat
 * Level 2.2 Spellcasting
 * Level 2.4 Transmutations


You had 4 spell levels left.
You knew the following spells:

 Your Spells              Type           Power      Damage    Failure   Level
a - Beastly Appendage     Tmut           20%        N/A       7%          1
b - Wereblood             Tmut           10%        N/A       11%         2

Your spell library contained the following spells:

 Spells                   Type           Power      Damage    Failure   Level
 Static Discharge         Conj/Air       1%         N/A       28%         2
 Spider Form              Tmut/Pois      6%         N/A       34%         3
 Ice Form                 Ice/Tmut       6%         N/A       75%         4
 Lightning Bolt           Conj/Air       0%         1d11      99%         5
 Maxwell's Capacitive Co  Air            0%         ∞         100%        8


Dungeon Overview and Level Annotations

Branches:
Dungeon (2/15)

Altars:

Shops:
D:1 (

Annotations:
D:2 Robin


Innate Abilities, Weirdness & Mutations

One of your tentacles has grown a beastly spike.
You cannot wear most types of armour.
You are amphibious.
You can wear up to eight rings at the same time.
Your skin changes colour to match your surroundings (Stealth+).
Your rubbery body absorbs attacks. (AC +1, EV +1)
((You are camouflaged when in or above water. (Stealth+)))
You have tentacles for arms and can constrict up to eight enemies at once.


Message History

Unknown command.
Unknown command.
Unknown command.
Casting: Beastly Appendage (safe; 7% risk of failure)
Confirm with . or Enter, or press ? or * to list all spells.
Your blood is infused with primal strength.
The goblin shouts! x2
Unknown command.
Casting: Wereblood (safe; 11% risk of failure)
Confirm with . or Enter, or press ? or * to list all spells.
You extend your transformation's duration.
The goblin shouts!
Robin throws the goblin at you!
Unknown command.
Unknown command.
The goblin barely misses you.
Robin roars a battlecry!
The goblins go into a battle-frenzy!
You hear a shout!
You are too injured to fight recklessly!
Unknown command.
The goblin barely misses you.
There is a stone staircase leading up here.
Unknown command.
The goblin hits you with a +0 dagger. x2
You climb upwards.
There is a stone staircase leading down here.
Unknown command.
Unknown command.
You barely miss the goblin. Your grab misses the goblin.
Your squeeze misses the goblin. The goblin hits you with a +0 dagger.
* * * LOW HITPOINT WARNING * * *
The goblin hits you with a +0 dagger.
* * * LOW HITPOINT WARNING * * *
Unknown command.
Unknown command.
You tentacle-slap the goblin. Your grab misses the goblin.
The goblin is severely wounded.
The goblin hits you with a +0 dagger.
You die...

###'#................#
#.'∩+.##############.# ##.#'#.#
#.# ###..#.### #.# #...##.#
###### #.# '...+..# #....# #.#
#...##.#########....# #.#
#.............##g...###.#
...............'@...+.#.#########
..#.........#.##g...#.#.##.......
..#.#####.#.#.##....#.#.##.#####.
..#.#.............###.#.##.#.....
..#.#.......#.###.###.#....#.####
..#.+.......+.# #..........#.#
..###.......### #####.#.##.#.#
### ######### ##.....#.#
############### #..####.#


You could see 2 goblins.

Vanquished Creatures
  3 dart slugs
  2 endoplasms
  5 giant cockroaches
  7 goblins
  5 hobgoblins
  2 jackals (D:1)
  3 kobolds (D:1)
  3 quokkas
  4 ball pythons
  2 bats (D:1)
  4 frilled lizards (D:1)
  4 rats (D:1)
44 creatures vanquished.

Vanquished Creatures (others)
  A withered plant (D:1)
1 creature vanquished.

Grand Total: 45 creatures vanquished

Notes
Turn   | Place    | Note
-------+----------+-------------------------------------------
     0 | D:1      | Morbidden the Octopode Transmuter began the quest for the
                  | Orb.
     0 | D:1      | Reached XP level 1. HP: 13/13 MP: 3/3
   182 | D:1      | Reached XP level 2. HP: 3/18 MP: 5/5
   649 | D:1      | Found a faded altar of an unknown god.
   952 | D:1      | Reached XP level 3. HP: 10/23 MP: 6/6
  1497 | D:1      | Found Fawnauw's Antique Weapon Shop.
  2191 | D:2      | Noticed Robin
  2648 | D:2      | Reached skill level 1 in Stealth
  2671 | D:2      | Reached XP level 4. HP: 15/28 MP: 5/7
  2675 | D:2      | Learned a level 2 spell: Wereblood
  2684 | D:1      | Slain by a goblin

Illustrated notes

Levels and vault maps discovered:
D:1:      dpeg_cavernosity, layout_basic, serial_shops,
          nicolae_shop_behind_doors, ebering_ecumenical_altar_petrified,
          minmay_cupped
D:2:      layout_rooms, uniq_robin

Skill      XL: |  1  2  3 |
---------------+----------+-----
Stealth        | 1 |  1.1
Fighting       | |  1.3
Dodging        | |  2.5
Unarmed Combat | |  3.7
Spellcasting   | |  2.2
Transmutations | |  2.4

Action                   |  1- 3 |  4- 6 || total
-------------------------+-------+-------++-------
Melee: Unarmed           |    80 |     2 ||    82
       Constrict         |    23 |       ||    23
       Kick              |     8 |       ||     8
       Punch             |     2 |       ||     2
       Tentacles         |     7 |       ||     7
 Cast: Beastly Appendage |     9 |     1 ||    10
       Wereblood         |       |     1 ||     1
 Stab: Sleeping          |     7 |       ||     7
Armor: Skin              |     2 |       ||     2
Dodge: Dodged            |    61 |     2 ||    63

Table legend: (Time is in decaauts)
 A = Elapsed time spent in this place.
 B = Non-inter-level travel time spent in this place.
 C = Inter-level travel time spent in this place.
 D = Time resting spent in this place.
 E = Time spent auto-exploring this place.
 F = Levels seen in this place.
 G = Mean time per level.
                   A        B        C        D        E       F      G
               +--------+--------+--------+--------+--------+-----+--------+
         Total |   2678 |   2604 |     74 |   1158 |   1179 |   2 | 1339.0 |
       Dungeon |   2678 |   2604 |     74 |   1158 |   1179 |   2 | 1339.0 |
               +--------+--------+--------+--------+--------+-----+--------+

Top non-repeatable levels by time:
     D:1: 2572 daAuts
     D:2: 105 daAuts
